 Dungeon Crawl Stone Soup version 0.29-a0-284-gf9362112df (webtiles) character file.

Game seed: 17107110896660855959

219688 drugrobin the Warrior (level 18, -2/180 HPs)
             Began as a Demigod Fighter on Mar 14, 2022.
             Killed from afar by Mara (illusionary) (33 damage)
             ... with a bolt of fire
             ... on level 4 of the Swamp on Mar 15, 2022.
             The game lasted 02:43:02 (54021 turns).

drugrobin the Warrior (Demigod Fighter)            Turns: 54021, Time: 02:43:03

Health: -2/180     AC: 25    Str: 33      XL:     18   Next: 16%
Magic:  35/35      EV:  8    Int: 22      God:
Gold:   1910       SH:  6    Dex:  7 (8)  Spells: 33/33 levels left

rFire   . . .      SeeInvis +   a - +5 broad axe "Bung" {vorpal, Will++ Int+4}
rCold   + + +      Faith    .   U - +2 buckler {reflect}
rNeg    + + +      Spirit   .   q - +2 plate armour {rC+}
rPois   +          Reflect  +   t - +2 hat
rElec   .          Harm     .   Y - scarf {rC+ rF+}
rCorr   +          Rampage  .   D - +0 pair of gloves "Horupais" {rPois rN++ Dex-5 Slay+2}
Will    +++..                   M - +2 pair of boots "Hina Fyets" {rC+ rN+ SInv}
Stlth   ..........              y - amulet of regeneration
HPRegen 1.20/turn               C - ring "Pec Rudgh" {Ice rPois rN+ rCorr}
MPRegen 0.24/turn               G - +4 ring of slaying

@: studying Stealth
A: high MP 1, forlorn, divine attributes
a: no special abilities


You were on level 4 of the Swamp.
You visited 6 branches of the dungeon, and saw 32 of its levels.
You also visited: Ice Cave.

You collected 4118 gold pieces.
You spent 2208 gold pieces at shops.

Inventory:

Hand Weapons
 a - the +5 broad axe "Bung" (weapon) {vorpal, Will++ Int+4}
   (You bought it in a shop on level 15 of the Dungeon)

   It inflicts extra damage upon your enemies.
   Int:       It affects your intelligence (+4).
   Will:      It greatly increases your willpower.
 b - a +1 vampiric war axe
 c - a +2 war axe of flaming
 d - a +1 spear of venom
 e - a +4 broad axe of electrocution
 f - the +5 flail of Dino {vorpal, rElec rCorr}
   (You bought it in a shop on level 2 of the Orcish Mines)

   It inflicts extra damage upon your enemies.
   rElec:     It insulates you from electricity.
   rCorr:     It protects you from acid and corrosion.
 g - a +1 antimagic mace
Missiles
 P - 21 boomerangs (quivered)
 V - a throwing net
Armour
 q - a +2 plate armour of cold resistance (worn)
 t - a +2 hat (worn)
 D - the +0 pair of gloves "Horupais" (worn) {rPois rN++ Dex-5 Slay+2}
   (You found it on level 4 of the Lair of Beasts)

   Dex:       It affects your dexterity (-5).
   Slay:      It affects your accuracy & damage with ranged weapons and melee
   (+2).
   rPois:     It protects you from poison.
   rN:        It greatly protects you from negative energy.
 M - the +2 pair of boots "Hina Fyets" (worn) {rC+ rN+ SInv}
   (You acquired it on level 6 of the Lair of Beasts)

   rC:        It protects you from cold.
   rN:        It protects you from negative energy.
   SInv:      It lets you see invisible.
 U - a +2 buckler of reflection (worn)
 Y - a scarf of resistance (worn)
Jewellery
 y - an amulet of regeneration (around neck)
 C - the ring "Pec Rudgh" (left hand) {Ice rPois rN+ rCorr}
   (You found it on level 4 of the Lair of Beasts)

   [ring of ice]

   It enhances your ice magic.
   rF:        It makes you vulnerable to fire.
   rC:        It protects you from cold.
   rPois:     It protects you from poison.
   rN:        It protects you from negative energy.
   rCorr:     It protects you from acid and corrosion.
 G - a +4 ring of slaying (right hand)
Wands
 k - a wand of mindburst (25)
 s - a wand of charming (18)
 u - a wand of iceblast (26)
 v - a wand of digging (16)
 L - a wand of acid (11)
 S - a wand of flame (31)
 X - a wand of paralysis (34)
Scrolls
 j - 5 scrolls of vulnerability
 l - 5 scrolls of summoning
 m - 2 scrolls of fear
 n - a scroll of silence
 p - 3 scrolls of amnesia {unknown}
 r - 7 scrolls of blinking
 x - 4 scrolls of enchant armour {unknown}
 E - 12 scrolls of teleportation
 K - 3 scrolls of torment
 O - 4 scrolls of immolation
 Q - 4 scrolls of fog
 R - 2 scrolls of magic mapping {unknown}
Potions
 h - 8 potions of haste
 i - 6 potions of lignification
 o - 4 potions of magic {unknown}
 w - 6 potions of mutation {unknown}
 z - 9 potions of ambrosia
 A - 5 potions of resistance
 B - 6 potions of flight {unknown}
 F - 16 potions of curing
 H - 3 potions of berserk rage
 I - 3 potions of brilliance {unknown}
 J - 8 potions of heal wounds
 T - 6 potions of cancellation {unknown}
 W - 4 potions of attraction {unknown}
Miscellaneous
 N - a phantom mirror (inert)
 Z - a tin of tremorstones (2/2)


   Skills:
 + Level 20.6 Fighting
 - Level 18.3 Axes
 + Level 13.2 Armour
 + Level 5.9 Shields
 - Level 8.0 Spellcasting
 - Level 5.0 Evocations


You had 33 spell levels left.
You didn't know any spells.
Your spell library contained the following spells:

 Spells                   Type           Power      Damage    Failure   Level
 Animate Skeleton         Necr           16%        N/A       43%         1
 Apportation              Tloc           16%        N/A       43%         1
 Beastly Appendage        Tmut           16%        N/A       43%         1
 Magic Dart               Conj           32%        1d4       43%         1
 Pain                     Necr           32%        1d5       43%         1
 Sting                    Tmut/Pois      32%        1d4       43%         1
 Blink                    Tloc           16%        N/A       58%         2
 Call Imp                 Summ           8%         N/A       58%         2
 Ensorcelled Hibernation  Hex/Ice        26%        N/A       58%         2
 Passwall                 Tmut/Erth      6%         N/A       58%         2
 Searing Ray              Conj           16%        2d5       58%         2
 Wereblood                Tmut           8%         N/A       58%         2
 Conjure Flame            Conj/Fire      8%         6-21      82%         3
 Ignite Poison            Fire/Tmut/Pois 8%         N/A       82%         3
 Lesser Beckoning         Tloc           8%         N/A       82%         3
 Mephitic Cloud           Conj/Pois/Air  8%         N/A       82%         3
 Spider Form              Tmut/Pois      8%         N/A       82%         3
 Swiftness                Air            8%         N/A       82%         3
 Vampiric Draining        Necr           8%         2d6       82%         3
 Anguish                  Hex/Necr       4%         N/A       99%         4
 Fulminant Prism          Conj/Hex       4%         3d6       99%         4
 Hailstorm                Conj/Ice       13%        3d5       99%         4
 Ice Form                 Ice/Tmut       13%        N/A       99%         4
 Sticky Flame             Conj/Fire      8%         2d3       99%         4
 Alistair's Intoxication  Tmut/Pois      5%         N/A       100%        5
 Borgnjor's Vile Clutch   Necr/Erth      4%         N/A       100%        5
 Manifold Assault         Tloc           8%         N/A       100%        5
 Eringya's Noxious Bog    Tmut/Pois      4%         N/A       100%        6
 Simulacrum               Ice/Necr       6%         N/A       100%        6
 Statue Form              Tmut/Erth      5%         N/A       100%        6
 Storm Form               Tmut/Air       4%         N/A       100%        7


Dungeon Overview and Level Annotations

Branches:
Dungeon (15/15)            Temple (1/1) D:5            Lair (6/6) D:11
  Swamp (4/4) Lair:2       Spider (4/4) Lair:3        Slime (0/5) Lair:6
    Orc (2/2) D:11            Elf (0/3) Orc:2        Vaults (0/5) D:14
 Depths (0/4) D:15          IceCv (visited)

Shops:
D:5 (   D:13 [   D:14 [   D:15 (   Orc:2 !*?(

Annotations:
D:5 exclusion: 3 doors
D:13 Kirke
Lair:6 1 runed translucent door, exclusion: obsidian statue
Swamp:4 Mara
Spider:4 Donald, Louise


Innate Abilities, Weirdness & Mutations

You have an increased reservoir of magic. (+10% MP)
You shall have no god before yourself.
Your divine heritage dramatically boosts your attributes as you level up.


Message History

Unknown command.
You miss Mara.
Mara is moderately wounded.
You feel very sick.
Mara splashes around in the water.
Mara hits you with a +4 demon trident of venom!!
* * * LOW HITPOINT WARNING * * *
Drugrobin's illusion hits Mara.
Unknown command.
Unknown command.
Unknown command.
Unknown command.
You feel much better.
You feel very sick.
Mara hits drugrobin's illusion with a +4 demon trident of venom!
Mara splashes around in the water.
Drugrobin's illusion barely misses Mara.
You feel better.
Mara hits drugrobin's illusion with a +4 demon trident of venom!
Mara gestures at you. The bolt of fire hits you.
* * * LOW HITPOINT WARNING * * *
Drugrobin's illusion barely misses Mara.
Unknown command.
Unknown command.
Unknown command.
Unknown command.
You slash Mara!
Mara is moderately wounded.
Unknown command.
Unknown command.
Unknown command.
Unknown command.
Unknown command.
You closely miss Mara.
Mara is moderately wounded.
Mara gestures at you.
The bolt of fire hits drugrobin's illusion!!
The bolt of fire hits you!!
You die...

≈§≈♣#.≈.....≈♣.≈# ♣♣.≈♣≈≈.≈♣♣
≈≈≈♣#.....#####≈## ♣≈≈≈≈≈≈.≈♣
≈.♣♣##≈..###.≈.≈≈##
♣♣.......♣ ≈.♣♣
##.###.≈≈≈..≈##♣♣..≈≈≈≈♣♣
...♣ ####≈≈###.§.≈#♣...≈≈≈§.♣
.≈.♣♣ ##.≈##.###R.#♣≈≈≈≈≈≈.♣♣
≈...♣###..##≈.§#♣@≈#♣≈≈≈≈≈..♣
.≈....≈..≈#..§§§.≈≈#♣♣≈≈≈.≈♣♣
≈♣..≈†..♣≈#.≈≈≈≈@.♣# ♣...§♣♣
..≈.≈.≈†.♣#......R♣#♣♣≈.♣♣♣
♣♣≈≈♣###.≈##.≈.##.≈#♣≈≈.♣
♣♣♣.♣ ##≈.##.###..#♣♣.≈♣
≈♣♣.♣ ##..###..§≈# ♣♣♣♣ ≈♣≈♣♣
##≈≈≈≈..≈## ...♣ ##≈≈.†≈♣#
.≈.♣ #####§# ...♣ #≈.#


You could see 2 Maras and the friendly drugrobin's illusion (summoned, very
poisoned, drained).

Vanquished Creatures
  Nikola (Swamp:1)
  Jorgrun (Swamp:3)
  Rupert (D:13)
  Mlioglotl (Swamp:4)
  Gastronok (Lair:2)
  Frances (Lair:2)
  3 thorn hunters (Swamp:4)
  Roxanne (Swamp:4)
  A fenstrider witch (Swamp:3)
  2 orc warlords
  5 ghost moths
  3 emperor scorpions
  2 ghouls
  A broodmother (Spider:2)
  A reaper (IceCv)
  The ghost of lunkers the Slicer, a journeyman VSFi of Trog (Orc:2)
  5 eleionomae
  7 bunyips
  2 spark wasps
  3 entropy weavers
  A dire elephant (Lair:6)
  Snorg (D:14)
  A shambling mangrove (Swamp:4)
  9 boulder beetles
  2 jorogumos (Spider:2)
  A rakshasa (D:14)
  25 hydras
  2 ghost crabs
  Harold (Lair:1)
  2 catoblepae (Lair:5)
  2 spriggan air magi (Swamp:3)
  23 two-headed ogres
  4 ogre magi
  5 radroaches
  11 alligators
  2 dancing weapons
  3 centaur warriors
  3 tengu warriors
  14 death yaks
  A spriggan berserker (Swamp:3)
  3 spectral death yaks (Lair:6)
  A fire crab (shapeshifter) (D:15)
  An iron troll (Orc:2)
  A fire crab (Lair:6)
  3 pharaoh ants
  A deep elf knight (D:12)
  Lodul (D:11)
  A spectral anaconda (Lair:6)
  A deep troll (Orc:1)
  7 swamp dragons
  3 goliath frogs (Swamp:1)
  4 spriggan druids
  5 steelbarb worms
  9 bog bodies
  8 orb spiders
  A wizard (D:15)
  Pikel (D:8)
  3 deep elf pyromancers
  4 necromancers
  An orc sorcerer (D:15)
  A moth of wrath (Spider:3)
  3 orc knights
  16 ugly things
  31 wolf spiders
  2 oklob plants (Lair:3)
  4 will-o-the-wisps
  10 manticores
  7 cyclopes
  2 ice statues (IceCv)
  18 elephants
  Joseph (D:9)
  5 black mambas
  17 cane toads
  2 naga magi (D:15)
  5 torpor snails
  Psyche (D:9)
  3 centaur skeletons (D:15)
  4 efreet
  A rime drake (Lair:6)
  2 freezing wraiths
  7 komodo dragons
  2 yaktaurs (D:12)
  3 demonic crawlers
  An entropy weaver simulacrum (IceCv)
  6 ice devils
  12 trolls
  A merfolk (D:10)
  A queen bee (Lair:3)
  6 meliai (D:15)
  A bloated husk (Swamp:1)
  A polar bear (Lair:6)
  A harpy skeleton (D:15)
  29 tarantellas
  A wolf spider simulacrum (Lair:4)
  6 tyrant leeches
  7 hornets
  9 slime creatures
  4 spectral elephants (Lair:6)
  14 dream sheep
  27 blink frogs
  31 jumping spiders
  33 culicivoras
  A centaur simulacrum (D:11)
  A vampire (D:10)
  3 wraiths
  A dire elephant simulacrum (IceCv)
  27 yaks
  8 spriggans
  4 basilisks
  A wyvern (Lair:3)
  5 hogs
  13 vampire mosquitoes
  5 death yak simulacra
  2 steam dragons (D:9)
  5 wargs
  Menkaure (D:6)
  46 redbacks
  15 swamp worms
  2 spectral cane toads (Lair:6)
  A hydra simulacrum (Lair:4)
  3 acid dragons
  9 water moccasins
  12 swamp drakes
  29 orc warriors
  3 black bears
  An ice beast (D:7)
  A sky beast (D:6)
  26 ogres
  15 wolves
  A boggart (D:12)
  23 centaurs
  2 lemures (D:8)
  3 phantoms
  An elephant skeleton (Lair:6)
  2 kobold brigands (D:6)
  2 gnoll sergeants
  7 bullfrogs
  2 necrophages
  5 cane toad simulacra
  3 two-headed ogre simulacra (IceCv)
  14 wights
  35 killer bees
  4 elephant simulacra
  A howler monkey (D:7)
  A crimson imp (D:10)
  6 hounds
  A wyvern simulacrum (Lair:4)
  A water moccasin simulacrum (Lair:4)
  16 orc priests
  A gnoll shaman (D:5)
  3 jellies
  Jessica (D:2)
  2 iguanas
  15 orc wizards
  4 troll simulacra (IceCv)
  4 spriggan simulacra (IceCv)
  A bullfrog simulacrum (Lair:4)
  6 adders
  13 gnolls
  3 naga simulacra (IceCv)
  A shadow imp (D:6)
  An ufetubus (D:4)
  2 worms
  2 dart slugs
  77 orcs
  11 endoplasms
  3 giant cockroaches
  3 goblins
  8 hobgoblins
  A jackal (D:4)
  2 quokkas
  9 ball pythons
  9 bats
  5 frilled lizards
  12 kobolds
  8 rats
  A bush (Lair:6)
1131 creatures vanquished.

Vanquished Creatures (collateral kills)
  4 centaurs (D:14)
4 creatures vanquished.

Vanquished Creatures (others)
  A tengu warrior (D:14)
  A bloated husk (Swamp:3)
  A culicivora (Spider:3)
  A kobold (D:10)
  12 foxfires (Swamp:4)
  53 fungi
  74 plants
  24 withered plants (Lair:6)
167 creatures vanquished.

Grand Total: 1302 creatures vanquished

Notes
Turn   | Place    | Note
-------+----------+-------------------------------------------
     0 | D:1      | drugrobin the Demigod Fighter began the quest for the Orb.
     0 | D:1      | Reached XP level 1. HP: 18/18 MP: 3/3
   115 | D:1      | Reached XP level 2. HP: 15/25 MP: 4/4
   881 | D:2      | Reached XP level 3. HP: 30/30 MP: 5/5
  1121 | D:2      | Noticed Jessica
  1146 | D:2      | Killed Jessica
  2036 | D:3      | Reached XP level 4. HP: 30/37 MP: 6/6
  2464 | D:3      | You fall into a shaft and drop 2 floors!
  2464 | D:5      | Entered Level 5 of the Dungeon
  3113 | D:4      | Noticed an ogre
  3119 | D:5      | Found a staircase to the Ecumenical Temple.
  3125 | D:5      | Found Emuskosa's Antique Weapon Boutique.
  3138 | D:5      | Reached skill level 5 in Axes
  3145 | D:5      | Bought a brightly glowing hand axe for 120 gold pieces
  3145 | D:5      | Identified the +6 hand axe of Greed {venom, Contam rElec
                  | rPois rN+++} (You bought it in a shop on level 5 of the
                  | Dungeon)
  3215 | D:5      | Reached XP level 5. HP: 42/42 MP: 7/7
  3268 | D:5      | Noticed a black bear
  3286 | D:5      | Killed a black bear
  3307 | Temple   | Entered the Ecumenical Temple
  3380 | D:4      | Reached XP level 6. HP: 19/50 MP: 8/8
  4056 | D:4      | Reached XP level 7. HP: 27/56 MP: 9/9
  4312 | D:5      | Noticed a wyvern
  5331 | D:6      | Noticed Menkaure
  5451 | D:6      | Killed Menkaure
  5452 | D:6      | Reached XP level 8. HP: 9/62 MP: 10/10
  6204 | D:6      | Reached skill level 10 in Axes
  6651 | D:7      | Reached skill level 3 in Fighting
  6988 | D:6      | Reached skill level 4 in Fighting
  7435 | D:7      | Reached XP level 9. HP: 72/72 MP: 11/11
  7786 | D:7      | Reached skill level 5 in Fighting
  7868 | D:8      | Noticed Pikel
  7892 | D:8      | Killed Pikel
  7958 | D:8      | Reached skill level 6 in Fighting
  8737 | D:9      | Noticed Joseph
  9437 | D:9      | Reached skill level 7 in Fighting
  9540 | D:9      | Noticed Psyche
  9553 | D:9      | Killed Psyche
  9614 | D:9      | Reached XP level 10. HP: 86/86 MP: 13/13
 10349 | D:9      | Killed Joseph
 10350 | D:9      | Reached skill level 8 in Fighting
 10965 | D:10     | Entered Level 10 of the Dungeon
 11378 | D:10     | Reached skill level 9 in Fighting
 11665 | D:10     | Noticed a two-headed ogre
 11696 | D:10     | Killed a two-headed ogre
 12631 | D:11     | Reached XP level 11. HP: 82/97 MP: 14/14
 12940 | D:11     | Noticed a two-headed ogre
 12973 | D:11     | Killed a two-headed ogre
 12977 | D:11     | Noticed Lodul
 12980 | D:11     | Noticed a two-headed ogre
 12981 | D:11     | Noticed a two-headed ogre
 12981 | D:11     | Noticed a two-headed ogre
 12981 | D:11     | Noticed a two-headed ogre
 12982 | D:11     | Noticed a two-headed ogre
 12985 | D:11     | Killed Lodul
 12986 | D:11     | Reached skill level 10 in Fighting
 13144 | D:11     | Noticed a two-headed ogre
 13144 | D:11     | Noticed a five-headed hydra
 13144 | D:11     | Found a staircase to the Lair.
 13152 | D:10     | Killed a two-headed ogre
 13284 | D:10     | Killed a two-headed ogre
 13572 | Lair:1   | Entered Level 1 of the Lair of Beasts
 14706 | Lair:2   | Found a staircase to the Swamp.
 14706 | Lair:2   | Noticed a bog body
 14706 | Lair:2   | Noticed a bog body
 14886 | Lair:2   | Reached skill level 11 in Fighting
 14977 | Lair:2   | Noticed Harold
 15000 | Lair:1   | Killed Harold
 15294 | Lair:2   | Noticed a death yak
 15294 | Lair:2   | Noticed a death yak
 16076 | Lair:2   | Noticed Gastronok
 16263 | Lair:3   | Reached XP level 12. HP: 93/111 MP: 15/15
 16523 | Lair:3   | Reached skill level 15 in Axes
 16663 | Lair:3   | Reached skill level 12 in Fighting
 16739 | Lair:3   | Found a hole to the Spider Nest.
 17135 | Lair:4   | Found a transporter.
 17205 | Lair:4   | Noticed Sonja
 17980 | Lair:4   | Found a transporter.
 18251 | Lair:4   | Noticed Sonja
 18251 | Lair:4   | Sonja changed into Sonja the warg
 18257 | Lair:4   | Killed Sonja the warg
 18964 | Lair:5   | Noticed a catoblepas
 18964 | Lair:5   | Noticed a catoblepas
 19243 | Lair:2   | Reached skill level 13 in Fighting
 19715 | Lair:2   | Killed Gastronok
 20493 | Lair:2   | Reached XP level 13. HP: 87/122 MP: 16/16
 22280 | Lair:5   | Reached skill level 1 in Evocations
 23048 | Lair:6   | Entered Level 6 of the Lair of Beasts
 23529 | Lair:6   | Reached skill level 14 in Fighting
 23963 | Lair:6   | Identified a scroll of acquirement
 23968 | Lair:6   | Acquired the +2 pair of boots "Hina Fyets" {rC+ rN+ SInv}
 24941 | Lair:6   | Identified the +6 whip "Ivubboux" {vorpal, Fragile rElec
                  | rCorr}
 24941 | Lair:6   | Noticed Nessos
 24943 | Lair:6   | Noticed Nessos
 24943 | Lair:6   | Nessos changed into Nessos the dream sheep
 24948 | Lair:6   | Killed Nessos the dream sheep
 24956 | Lair:6   | Found a runed translucent door.
 24956 | Lair:6   | Noticed an acid blob
 24957 | Lair:6   | Found a staircase to the Slime Pits.
 24957 | Lair:6   | Noticed an acid blob
 26442 | Lair:5   | Reached skill level 5 in Evocations
 26794 | Lair:6   | Noticed a dire elephant
 27268 | Lair:6   | Reached XP level 14. HP: 102/133 MP: 17/17
 27958 | D:11     | Reached skill level 15 in Fighting
 28840 | D:11     | Found a staircase to the Orcish Mines.
 28852 | Orc:1    | Entered Level 1 of the Orcish Mines
 28852 | Orc:1    | Noticed an orc warlord
 29634 | D:12     | Found a frozen archway.
 29747 | IceCv    | Entered an ice cave
 30904 | IceCv    | Noticed a reaper
 30977 | IceCv    | Killed a reaper
 31998 | Lair:4   | Identified the ring "Pec Rudgh" {Ice rPois rN+ rCorr}
 32000 | Lair:4   | Identified the +0 pair of gloves "Horupais" {rPois rN++
                  | Dex-5 Slay+2}
 33724 | Orc:1    | Noticed an orc warlord
 33858 | D:11     | Killed an orc warlord
 34506 | Orc:2    | Entered Level 2 of the Orcish Mines
 34877 | Orc:2    | Noticed an orc warlord
 35112 | D:12     | Reached skill level 16 in Fighting
 35658 | D:13     | Found Acvayss's Antique Armour Shoppe.
 35723 | D:13     | Bought a glowing hat for 182 gold pieces
 36246 | D:13     | Noticed Rupert
 36259 | D:13     | Killed Rupert
 36467 | D:13     | Reached skill level 5 in Armour
 36700 | D:14     | Reached XP level 15. HP: 135/145 MP: 18/18
 36772 | D:14     | Noticed Snorg
 36783 | D:14     | Killed Snorg
 37279 | D:14     | Found a gate to the Vaults.
 37530 | D:14     | Noticed Kirke
 37903 | D:14     | Reached skill level 17 in Fighting
 38169 | D:14     | Found Jeh Figh's Antique Armour Shoppe.
 38178 | D:14     | Bought a runed hat for 224 gold pieces
 38179 | D:14     | Bought a transparent ring mail for 288 gold pieces
 38179 | D:14     | Identified the +0 ring mail of Anaesthesia {Will+} (You
                  | bought it in a shop on level 14 of the Dungeon)
 38237 | D:15     | Entered Level 15 of the Dungeon
 38416 | D:15     | Paralysed by an orc sorcerer for 2 turns
 38913 | D:15     | Found a staircase to the Depths.
 39191 | D:15     | Found Kuqa's Antique Weapon Shoppe.
 39210 | D:15     | Bought a scorched broad axe for 270 gold pieces
 39210 | D:15     | Identified the +5 broad axe "Bung" {vorpal, Will++ Int+4}
                  | (You bought it in a shop on level 15 of the Dungeon)
 39727 | Swamp:1  | Entered Level 1 of the Swamp
 40140 | Swamp:1  | Noticed Frances
 40245 | Lair:2   | Killed Frances
 40438 | Swamp:1  | Noticed Nikola
 40687 | Orc:2    | Found a runed translucent gate.
 40687 | Orc:2    | Found a runed translucent gate.
 40687 | Orc:2    | Found a runed translucent gate.
 40690 | Orc:2    | Noticed lunkers's ghost (journeyman VSFi)
 40810 | Orc:2    | Found a staircase to the Elven Halls.
 40983 | Orc:2    | Reached skill level 18 in Fighting
 41190 | Orc:2    | Found Icwosowe's Weapon Shop.
 41225 | Orc:2    | Found Cohafu Payh's Assorted Antiques.
 41442 | Orc:2    | Reached XP level 16. HP: 145/157 MP: 19/19
 41561 | Orc:2    | Found Jeqis's Magic Scroll Shoppe.
 41569 | Orc:2    | Reached skill level 10 in Armour
 41569 | Orc:2    | Found Xoxtiq's Distillery.
 41578 | Orc:2    | Bought a scroll labelled QOESYCZ MUBORCH for 32 gold pieces
 41591 | Orc:2    | Bought a potion of berserk rage for 70 gold pieces
 41635 | Orc:2    | Bought a scroll of identify for 22 gold pieces
 41635 | Orc:2    | Bought a scroll of torment for 82 gold pieces
 41635 | Orc:2    | Bought a scroll of identify for 22 gold pieces
 41905 | Orc:2    | Killed lunkers's ghost
 41914 | Orc:2    | Reached skill level 1 in Spellcasting
 42147 | Orc:2    | Bought the +5 flail of Dino {vorpal, rElec rCorr} for 896
                  | gold pieces
 42341 | Swamp:1  | Killed Nikola
 43167 | Swamp:2  | Identified the +1 war axe of Bubaal {vorpal, rN+ Will+}
 44552 | Swamp:3  | Noticed Jorgrun
 44592 | Swamp:3  | Reached skill level 19 in Fighting
 44855 | Swamp:3  | Killed Jorgrun
 44856 | Swamp:3  | Reached skill level 5 in Spellcasting
 45265 | Swamp:4  | Entered Level 4 of the Swamp
 45265 | Swamp:4  | Identified Roxanne's Tome of Changing
 45265 | Swamp:4  | Noticed Roxanne
 45453 | Spider:1 | Entered Level 1 of the Spider Nest
 47366 | Spider:2 | Reached XP level 17. HP: 168/168 MP: 31/31
 50276 | Spider:3 | Reached skill level 20 in Fighting
 50610 | Spider:4 | Entered Level 4 of the Spider Nest
 51315 | Spider:4 | Noticed Louise
 51324 | Spider:4 | Noticed Donald
 52035 | Swamp:4  | Noticed Mlioglotl
 52153 | Swamp:4  | Killed Mlioglotl
 52183 | Swamp:4  | Killed Roxanne
 52909 | Swamp:4  | Reached skill level 5 in Shields
 53424 | Swamp:4  | Reached XP level 18. HP: 166/180 MP: 35/35
 53541 | Swamp:4  | Noticed Mara
 54009 | Swamp:4  | Noticed drugrobin's illusion
 54017 | Swamp:4  | HP: 3/180 [Mara/+4 demon trident of venom (22)]
 54021 | Swamp:4  | Killed from afar by Mara (illusionary)

Illustrated notes

Levels and vault maps discovered:
D:1:      minmay_arrival_open_corners, layout_rooms,
          hellmonk_ecumenical_altar_pennies_from_heaven,
          chequers_serial_rivers_small_3
D:2:      layout_basic, uniq_jessica
D:3:      layout_basic
D:4:      minmay_chambers_of_threes, layout_loops_cross,
          kennysheep_decorative_pillar
D:5:      layout_loops_ring, minmay_temple_entry_junction, serial_shops, shop,
          kennysheep_cross_bottleneck
D:6:      layout_cave_pools, okawaru_gym_becter, serial_column_ruins,
          column_ruins_open_small, column_ruins_open_medium,
          column_ruins_columns_straight, column_ruins_corridor_corner,
          grunt_ministairs_2, minmay_manual_mail, uniq_menkaure
D:7:      layout_gridville
D:8:      layout_rooms, nemelex_xobeh_ov_fountains_minmay, uniq_pikel
D:9:      layout_basic, uniq_joseph, uniq_psyche
D:10:     layout_big_octagon, minmay_overflow_temple_hex,
          riverfiend_overflow_shadow_ancestor, hangedman_stone_soup
D:11:     layout_cave_pools, lair_entry_dummy, david_orc_4, uniq_lodul
D:12:     layout_basic, portal_ice_cave_demonic_guard, minivault_12
D:13:     layout_roguey, serial_shops, nicolae_stop_n_shop_2,
          grunt_ministairs_8, uniq_rupert
D:14:     layout_basic, erik_vaults_1, nicolae_ashenzari_skybound, serial_shops,
          nicolae_shop_trees, uniq_kirke, uniq_snorg
D:15:     grunt_enter_depths_magical_seal, layout_irregular_city,
          nicolae_hepliaklqana_ecumenical_no_more, serial_shops, shop
Temple:   nicolae_temple_x_marks_the_god
Lair:1:   layout_roguey
Lair:2:   layout_concentric_octagons, skrybe_swamp_entry_bodies,
          beast_lair_carwin_4, uniq_harold, uniq_gastronok
Lair:3:   layout_roguey [special_room_bee], spider_nest_entry_web_field,
          lemuel_altar_in_water2, hangedman_tree_tricks
Lair:4:   gammafunk_cloud_chamber, layout_small_grid,
          kennysheep_basilisk_garden, uniq_sonja
Lair:5:   nzn_motion_control, layout_small_grid
Lair:6:   due_jungle_book, layout_regular_city, slime_altar_2,
          wad_woods_road_02, uniq_nessos
Swamp:1:  layout_basic_swamp, evilmike_swamp_ruin_wall, swamp_pool3,
          hangedman_swamp_pad, uniq_nikola, uniq_frances
Swamp:2:  layout_falls_marsh, basic_altar
Swamp:3:  layout_falls_marsh, evilmike_swamp_ruin_house_5, swamp_pool5,
          uniq_jorgrun
Swamp:4:  swamp_basic_johnstein, layout_basic_swamp, uniq_mlioglotl,
          uniq_roxanne, uniq_mara
Spider:1: layout_spider_delve
Spider:2: layout_chambers, hellmonk_test_site
Spider:3: nicolae_spider_hilbert_zone_6 [nicolae_spider_hilbert_4_sides_1_open,
          nicolae_spider_hilbert_4_sides_1_open,
          nicolae_spider_hilbert_4_sides_1_open,
          nicolae_spider_hilbert_4_sides_1_open,
          nicolae_spider_hilbert_4_sides_1_open,
          nicolae_spider_hilbert_4_sides_1_open,
          nicolae_spider_hilbert_4_sides_1_open]
Spider:4: grunt_spider_rune_parallel, gammafunk_ghost_tricky_traps, drop_trap,
          uniq_donald, uniq_arachne, uniq_louise
Orc:1:    layout_caves, basic_altar
Orc:2:    st_orc_open, layout_caves, ebering_ghost_gozag

Skill      XL: |  1  2  3  4  5  6  7  8  9 10 11 12 13 14 15 16 17 18 |
---------------+-------------------------------------------------------+-----
Axes           | 2 3 4 5 6 7 9 10 12 13 14 16 17 18 | 18.3
Fighting       | 4 7 9 11 13 14 16 18 19 20 | 20.6
Evocations     | 5 |  5.0
Armour         | 5 9 11 12 13 | 13.2
Spellcasting   | 6 8 |  8.0
Shields        | 5 |  5.9

Action                   |  1- 3 |  4- 6 |  7- 9 | 10-12 | 13-15 | 16-18 || total
-------------------------+-------+-------+-------+-------+-------+-------++-------
Melee: War axe           |   135 |    34 |       |       |   158 |   165 ||   492
       Hand axe          |       |    59 |   310 |   643 |   892 |       ||  1904
       Dagger            |       |       |       |       |    19 |       ||    19
       Broad axe         |       |       |       |       |   383 |  1101 ||  1484
       Unarmed           |       |       |       |       |    14 |       ||    14
       Flail             |       |       |       |       |       |    19 ||    19
Throw: Dart              |       |       |    13 |    14 |    11 |       ||    38
       Throwing net      |       |       |     1 |     1 |     7 |     1 ||    10
       Boomerang         |       |       |       |    11 |    26 |     1 ||    38
Evoke: Wand              |       |       |     2 |     3 |    29 |     9 ||    43
       Phantom mirror    |       |       |       |     1 |     3 |     2 ||     6
  Use: Scroll            |       |       |       |     7 |    11 |     4 ||    22
       Potion            |       |       |       |       |     4 |     4 ||     8
 Stab: Held in net/web   |       |       |       |       |     1 |       ||     1
       Distracted        |       |       |       |       |     1 |       ||     1
Armor: Chain mail        |   112 |    46 |   128 |   199 |   305 |       ||   790
       Scale mail        |     2 |       |       |       |       |       ||     2
       Plate armour      |       |       |       |       |   318 |   971 ||  1289
Dodge: Dodged            |    62 |    19 |    86 |   149 |   419 |   451 ||  1186
Block: Buckler           |    31 |    16 |    52 |    70 |   242 |   373 ||   784
       Reflection        |       |       |       |       |     7 |     3 ||    10

Table legend: (Time is in decaauts)
 A = Elapsed time spent in this place.
 B = Non-inter-level travel time spent in this place.
 C = Inter-level travel time spent in this place.
 D = Time resting spent in this place.
 E = Time spent auto-exploring this place.
 F = Levels seen in this place.
 G = Mean time per level.
                   A        B        C        D        E       F      G
               +--------+--------+--------+--------+--------+-----+--------+
         Total |  53606 |  50019 |   3587 |  17630 |  18589 |  33 | 1624.4 |
       Dungeon |  21795 |  20554 |   1241 |   6813 |   8558 |  15 | 1453.0 |
        Temple |     38 |     38 |      0 |     37 |      0 |   1 |   38.0 |
          Lair |  16036 |  14633 |   1403 |   6294 |   4850 |   6 | 2672.7 |
         Swamp |   5779 |   5415 |    364 |   1717 |   1666 |   4 | 1444.8 |
   Spider Nest |   5900 |   5492 |    408 |   1494 |   2302 |   4 | 1475.0 |
  Orcish Mines |   2480 |   2312 |    168 |    678 |    814 |   2 | 1240.0 |
      Ice Cave |   1575 |   1575 |      0 |    596 |    398 |   1 | 1575.0 |
               +--------+--------+--------+--------+--------+-----+--------+

Top non-repeatable levels by time:
  Lair:6: 3887 daAuts
  Lair:4: 2756 daAuts
  Lair:3: 2703 daAuts
  Lair:5: 2560 daAuts
    D:11: 2533 daAuts
Spider:2: 2455 daAuts
    D:10: 2246 daAuts
  Lair:2: 2181 daAuts
    D:12: 2171 daAuts
  Lair:1: 1947 daAuts
 Swamp:4: 1806 daAuts
     D:8: 1779 daAuts
 Swamp:1: 1669 daAuts
 Swamp:3: 1644 daAuts
   IceCv: 1575 daAuts
